 Dungeon Crawl Stone Soup version 0.30-a0-622-gddc90eaa04 (webtiles) character file.

Game seed: 17844626559898398533

483 Zonian the Sneak (level 7, -1/37 HPs)
             Began as a Vine Stalker Brigand on Jan 11, 2023.
             Killed by divine providence
             ... invoked by an orc priest
              (11 damage)
             ... on level 4 of the Dungeon.
             The game lasted 00:07:48 (4134 turns).

Zonian the Sneak (Vine Stalker Brigand)             Turns: 4134, Time: 00:07:49

Health: -1/37      AC:  5    Str: 13    XL:     7   Next: 12%
Magic:  0/8        EV: 13    Int: 11    God:
Gold:   173        SH:  0    Dex: 18    Spells: 6/6 levels left

rFire   . . .      SeeInvis .    x - +1 flail (venom)
rCold   + . .      Faith    .    (no shield)
rNeg    . . .      Spirit   +    b - +0 robe
rPois   .          Reflect  .    (no helmet)
rElec   .          Harm     .    c - +0 cloak
rCorr   .          Rampage  .    (no gloves)
Will    .....                    h - +1 pair of boots
Stlth   ++++                     q - amulet of regeneration
HPRegen 1.86/turn                f - ring of protection from cold
MPRegen 0.11/turn                (no ring)

@: about to teleport
A: fangs 2, regeneration 1, magic shield, antimagic bite, no potion heal 2
a: no special abilities


You were on level 4 of the Dungeon.
You visited 1 branch of the dungeon, and saw 4 of its levels.

You collected 173 gold pieces.

Inventory:

Hand Weapons
 a - a +2 dagger
 v - a +0 short sword
 x - a +1 flail of venom (weapon)
 z - a +0 war axe
Missiles
 d - 9 poisoned darts (quivered)
Armour
 b - a +0 robe (worn)
 c - a +0 cloak (worn)
 h - a +1 pair of boots (worn)
 m - a +0 cloak
Jewellery
 f - a ring of protection from cold (left hand)
 q - an amulet of regeneration (around neck)
 u - a ring of wizardry
Scrolls
 i - a scroll of vulnerability
 l - a scroll of acquirement {unknown}
 n - a scroll of brand weapon {unknown}
 o - a scroll of noise {unknown}
 r - a scroll of fog
 w - a scroll of poison {unknown}
Potions
 g - a potion of heal wounds
 k - 2 potions of haste
 p - a potion of degeneration
 t - a potion of might {unknown}


   Skills:
 + Level 3.6 Fighting
 + Level 3.6 Short Blades
 - Level 1.8 Throwing
 + Level 3.0 Dodging
 + Level 6.7 Stealth


You had 6 spell levels left.
You didn't know any spells.
Your spell library contained the following spells:

 Spells                   Type           Power      Damage    Failure   Level
 Beastly Appendage        Tmut           0%         N/A       34%         1
 Magic Dart               Conj           0%         1d3       34%         1
 Searing Ray              Conj           0%         2d4       47%         2
 Wereblood                Tmut           0%         N/A       47%         2
 Spider Form              Tmut/Pois      0%         N/A       71%         3
 Fulminant Prism          Conj/Hex       0%         3d5       98%         4
 Conjure Ball Lightning   Conj/Air       0%         3x3d6     100%        6
 Discord                  Hex            0%         N/A       100%        8
 Disjunction              Tloc           0%         N/A       100%        8


Dungeon Overview and Level Annotations

Branches:
Dungeon (4/15)
 Temple: D:4-7

Altars:
Dithmenos
Gozag
Xom

Annotations:
D:4 Eustachio


Innate Abilities, Weirdness & Mutations

You have extremely sharp teeth.
Your natural rate of healing is unusually fast.
When hurt, damage is shared between your health and your magic reserves.
Your bite disrupts and absorbs the magic of your enemies.
Potions cannot restore your health.


Message History

You strike the helpless gnoll from behind!
You thump the gnoll! Your punch misses the gnoll. You bite the gnoll.
You drain its power.
You feel invigorated.
The gnoll is almost dead.
The gnoll hits you but does no damage.
You hit the gnoll.
You kill the gnoll!
Something unseen opens the door.
Unknown command.
You close the door.
Unknown command.
Something unseen opens the door.
You completely miss the gnoll.
The gnoll shouts!
You hear a shout! x4
A gnoll comes into view. It is wielding a +0 spear. x2
The gnoll closely misses you. The gnoll hits you with a +0 whip!
The gnoll closely misses you.
You barely miss the iguana.
The iguana is moderately wounded.
The iguana bites you!
The gnoll hits you from afar with a +0 spear.
An orc comes into view. It is wielding a +0 hand axe.
The gnoll barely misses you. The gnoll hits you but does no damage.
You are too injured to fight recklessly!
Unknown command.
Okay, then.
Okay, then.
As you read the scroll labelled HEGIUXAQIN, it crumbles to dust.
You feel strangely unstable.
It was a scroll of teleportation.
The iguana barely misses you.
The gnoll hits you from afar with a +0 spear. x2
The gnoll misses you. The gnoll attacks as you move away!
The gnoll barely misses you. The iguana attacks as you move away!
The iguana bites you but does no damage.
The gnoll hits you from afar with a +0 spear!
* * * LOW HITPOINT WARNING * * *
The orc priest invokes the aid of Beogh against you.
Beogh smites you!
You die...

#################
#@........#................
#.........#................
#......o..#................
#........ #................
#....... #................
###...... ####'#####'##..##
.......o######..........#..##
.......o'.gl@#..........#....
........#..g†#).........#....
........#.)g.#..........#....
........###'##..........#....
........................#....
........)...............###+#
########......######.........
#......' #......... #......##
..###......


You could see an iguana, an orc priest, 3 gnolls and an orc.

Vanquished Creatures
  2 ogres (D:4)
  A phantom (D:4)
  A jelly (D:4)
  An iguana (D:3)
  2 adders
  9 gnolls
  3 worms
  2 dart slugs
  2 orcs
  5 ball pythons
  6 bats
  5 endoplasms
  4 giant cockroaches
  7 goblins
  4 hobgoblins
  6 jackals (D:2)
  7 kobolds
  A quokka (D:1)
  4 frilled lizards
  6 rats
78 creatures vanquished.

Notes
Turn   | Place    | Note
-------+----------+-------------------------------------------
     0 | D:1      | Zonian the Vine Stalker Brigand began the quest for the
                  | Orb.
     0 | D:1      | Reached XP level 1. HP: 11/11 MP: 2/2
    89 | D:1      | Reached skill level 1 in Dodging
    89 | D:1      | Reached skill level 5 in Stealth
    89 | D:1      | Reached XP level 2. HP: 15/15 MP: 3/3
   613 | D:1      | Reached XP level 3. HP: 18/18 MP: 4/4
  1491 | D:2      | Found a faded altar of an unknown god.
  2015 | D:3      | Gained mutation: Your natural rate of healing is unusually
                  | fast. [Vine Stalker growth]
  2015 | D:3      | Reached XP level 4. HP: 23/23 MP: 5/5
  2442 | D:2      | Reached XP level 5. HP: 9/27 MP: 0/6
  2785 | D:3      | Found a shimmering altar of Xom.
  2788 | D:3      | Found an opulent altar of Gozag.
  2793 | D:3      | Found a shadowy altar of Dithmenos.
  3528 | D:3      | Reached skill level 6 in Stealth
  3732 | D:4      | Reached XP level 6. HP: 32/32 MP: 7/7
  4090 | D:4      | HP: 1/32 [ogre/+0 giant club (21)]
  4092 | D:4      | Reached XP level 7. HP: 3/37 MP: 0/8
  4095 | D:4      | Noticed Eustachio
  4134 | D:4      | Killed from afar by an orc priest

Illustrated notes

Levels and vault maps discovered:
D:1:      grunt_arrival_lava_bath, layout_loops_corners
D:2:      layout_loops_ring, hellmonk_ecumenical_altar_blasted
D:3:      layout_basic, grunt_temple_overflow_diamond
D:4:      layout_gridville, minmay_temple_entry_junction, uniq_eustachio

Skill      XL: |  1  2  3  4  5  6  7 |
---------------+----------------------+-----
Dodging        | 1 2 3 |  3.0
Stealth        | 5 6 |  6.7
Fighting       | 2 3 |  3.6
Short Blades   | 2 3 |  3.6
Throwing       | |  1.8

Action                   |  1- 3 |  4- 6 |  7- 9 || total
-------------------------+-------+-------+-------++-------
Melee: Dagger            |   106 |    68 |       ||   174
       Bite              |    24 |    29 |     2 ||    55
       Punch             |     2 |     1 |       ||     3
       Flail             |       |    50 |     6 ||    56
Throw: Dart              |     4 |     3 |       ||     7
       Throwing net      |       |     3 |       ||     3
  Use: Scroll            |     3 |     5 |     1 ||     9
       Potion            |       |     1 |       ||     1
 Stab: Sleeping          |    12 |    10 |       ||    22
       Held in net/web   |       |     3 |       ||     3
       Distracted        |       |       |     1 ||     1
Armor: Robe              |    28 |    27 |     3 ||    58
Dodge: Dodged            |    79 |    53 |     6 ||   138

Table legend: (Time is in decaauts)
 A = Elapsed time spent in this place.
 B = Non-inter-level travel time spent in this place.
 C = Inter-level travel time spent in this place.
 D = Time resting spent in this place.
 E = Time spent auto-exploring this place.
 F = Levels seen in this place.
 G = Mean time per level.
                   A        B        C        D        E       F      G
               +--------+--------+--------+--------+--------+-----+--------+
         Total |   4134 |   4043 |     91 |   1322 |   1822 |   4 | 1033.5 |
       Dungeon |   4134 |   4043 |     91 |   1322 |   1822 |   4 | 1033.5 |
               +--------+--------+--------+--------+--------+-----+--------+

Top non-repeatable levels by time:
     D:3: 1445 daAuts
     D:1: 1346 daAuts
     D:2: 930 daAuts
     D:4: 412 daAuts
